 Dungeon Crawl Stone Soup version 0.31-a0-358-gac0dbeb3ab (webtiles) character file.

Game seed: 363450757588788730

117 Locuples the Sneak (level 4, -2/33 HPs)
             Began as a Demonspawn Brigand on July 25, 2023.
             Slain by an ice beast (8 damage)
             ... on level 3 of the Dungeon.
             The game lasted 00:04:22 (1853 turns).

Locuples the Sneak (Demonspawn Brigand)             Turns: 1853, Time: 00:04:23

Health: -2/33      AC:  4    Str: 11    XL:     4   Next: 71%
Magic:  4/4        EV: 12    Int: 13    God:
Gold:   79         SH:  0    Dex: 22    Spells: 3/3 levels left

rFire   . . .        a - +2 dagger
rCold   . . .        (no shield)
rNeg    . . .        b - +0 robe
rPois   .            (no helmet)
rElec   .            c - +0 cloak
rCorr   .            (no gloves)
SInv    .            k - +0 pair of boots
Will    .....        (no amulet)
Stlth   +++          u - +6 ring of dexterity
HPRegen 0.25/turn    (no ring)
MPRegen 0.09/turn

%: no passive effects
@: no status effects
A: demonic magic 2
a: no special abilities


You were on level 3 of the Dungeon.
You visited 1 branch of the dungeon, and saw 3 of its levels.

You collected 79 gold pieces.

Inventory:

Hand Weapons
 a - a +2 dagger (weapon)
Missiles
 d - 5 poisoned darts (quivered)
 e - 3 curare-tipped darts
Armour
 b - a +0 robe (worn)
 c - a +0 cloak (worn)
 k - a +0 pair of boots (worn)
Jewellery
 u - a +6 ring of dexterity (left hand)
Scrolls
 f - a scroll of revelation {unknown}
 h - 4 scrolls of identify {unknown}
 j - a scroll of enchant armour {unknown}
 n - a scroll of teleportation {unknown}
 o - a scroll of fog {unknown}
 q - a scroll of torment {unknown}
 r - a scroll of enchant weapon {unknown}
 s - 3 scrolls of amnesia {unknown}
Potions
 g - a potion of enlightenment {unknown}
 i - 2 potions of curing {unknown}
 l - a potion of mutation {unknown}
 m - 2 potions of haste {unknown}
 p - a potion of resistance {unknown}
 t - a potion of attraction {unknown}
 v - a potion of heal wounds {unknown}
 w - a potion of lignification {unknown}


   Skills:
 + Level 2.2 Fighting
 + Level 2.6 Short Blades
 - Level 1.7 Throwing
 + Level 1.2 Dodging
 * Level 5.2 Stealth


You had 3 spell levels left.
You didn't know any spells.
Your spell library was empty.

Dungeon Overview and Level Annotations

Branches:
Dungeon (3/15)

Altars:

Shops:
D:2 (


Innate Abilities, Weirdness & Mutations

Spells you cast may paralyse nearby enemies.


Message History

The ice beast barely misses you.
You hit the ice beast.
The ice beast is moderately wounded.
The ice beast hits you. The ice beast freezes you.
You hit the ice beast but do no damage.
You punch the ice beast, but do no damage.
The ice beast is moderately wounded.
The ice beast hits you but does no damage.
You hit the ice beast but do no damage.
The ice beast is moderately wounded.
The ice beast hits you but does no damage.
You hit the ice beast.
The ice beast is moderately wounded.
You hit the ice beast but do no damage.
The ice beast is moderately wounded.
The ice beast completely misses you.
You hit the ice beast.
The ice beast is moderately wounded.
The ice beast hits you but does no damage.
You hit the ice beast.
The ice beast is heavily wounded.
The ice beast closely misses you.
You hit the ice beast but do no damage.
The ice beast is heavily wounded.
The ice beast misses you.
You completely miss the ice beast.
The ice beast is heavily wounded.
The ice beast closely misses you.
You hit the ice beast but do no damage.
The ice beast is heavily wounded.
You hit the ice beast but do no damage.
The ice beast is heavily wounded.
The ice beast hits you. The ice beast freezes you.
* * * LOW HITPOINT WARNING * * *
You hit the ice beast.
The ice beast is severely wounded.
The ice beast hits you.
* * * LOW HITPOINT WARNING * * *
The ice beast freezes you!
You die...

..#...................
.......>..............
...#.#..######...#####
).......##.......#
....#...##.###...#
##.#..#.##.###...#
#.##.#.##.##....#
##......##.##....#
....†.####.##.##@#
####### #......Y...#
####.##.....#
#........# ...........
###(.....##. #.(....#
#.######


You could see an ice beast.

Vanquished Creatures
  3 gnolls (D:3)
  4 adders
  A worm (D:2)
  2 ball pythons
  7 bats
  6 endoplasms
  A giant cockroach (D:1)
  A hobgoblin (D:1)
  2 jackals (D:2)
  6 kobolds
  6 quokkas
  4 frilled lizards (D:1)
  5 goblins
  5 rats
53 creatures vanquished.

Notes
Turn   | Place    | Note
-------+----------+-------------------------------------------
     0 | D:1      | Locuples the Demonspawn Brigand began the quest for the
                  | Orb.
     0 | D:1      | Reached XP level 1. HP: 16/16 MP: 1/1
   162 | D:1      | Reached skill level 4 in Stealth
   162 | D:1      | Gained mutation: Spells you cast may paralyse adjacent
                  | enemies. [demonic ancestry]
   162 | D:1      | Reached XP level 2. HP: 22/22 MP: 2/2
   635 | D:2      | Found Qopliuxt's Antique Weapon Shoppe.
   647 | D:2      | Reached skill level 1 in Dodging
   675 | D:2      | Reached XP level 3. HP: 25/27 MP: 3/3
  1498 | D:2      | Gained mutation: Spells you cast may paralyse nearby
                  | enemies. [demonic ancestry]
  1498 | D:2      | Reached XP level 4. HP: 33/33 MP: 4/4
  1604 | D:3      | Reached skill level 5 in Stealth
  1831 | D:3      | Noticed an ice beast
  1853 | D:3      | Slain by an ice beast

Illustrated notes

Levels and vault maps discovered:
D:1:      amcnicky_arrival_choice, layout_loops_ring, minmay_statues_item
D:2:      layout_loops_ring, serial_shops, shop, minmay_indecisive_spiral
D:3:      layout_loops_cross, okawaru_ov_weapons_minmay

Skill      XL: |  1  2  3  4 |
---------------+-------------+-----
Stealth        | 4 5 |  5.2
Short Blades   | 2 |  2.6
Dodging        | 1 |  1.2
Fighting       | |  2.2
Throwing       | |  1.7

Action                     |  1- 3 |  4- 6 || total
---------------------------+-------+-------++-------
  Melee: Dagger            |   105 |    41 ||   146
         Punch             |       |     1 ||     1
  Throw: Dart              |       |     4 ||     4
   Stab: Sleeping          |    13 |     8 ||    21
         Distracted        |     1 |       ||     1
 Armour: Robe              |    26 |     9 ||    35
  Dodge: Dodged            |    52 |    12 ||    64

Table legend: (Time is in decaauts)
 A = Elapsed time spent in this place.
 B = Non-inter-level travel time spent in this place.
 C = Inter-level travel time spent in this place.
 D = Time resting spent in this place.
 E = Time spent auto-exploring this place.
 F = Levels seen in this place.
 G = Mean time per level.
                   A        B        C        D        E       F      G
               +--------+--------+--------+--------+--------+-----+--------+
         Total |   1835 |   1820 |     15 |     89 |   1261 |   3 |  611.7 |
       Dungeon |   1835 |   1820 |     15 |     89 |   1261 |   3 |  611.7 |
               +--------+--------+--------+--------+--------+-----+--------+

Top non-repeatable levels by time:
     D:2: 929 daAuts
     D:1: 621 daAuts
     D:3: 284 daAuts
